 Dungeon Crawl Stone Soup version 0.31-a0-702-gf82c85558f (webtiles) character file.

Game seed: 14865578630749505675

51 qw the Shooter (level 3, 0/23 HPs)
             Began as a Gargoyle Hunter on Sept 8, 2023.
             Slain by a goblin
             ... wielding a +0 dagger
             ... led by Robin
              (3 damage)
             ... on level 2 of the Dungeon.
             The game lasted 00:00:20 (839 turns).

qw the Shooter (Gargoyle Hunter)                     Turns: 839, Time: 00:00:21

Health: 0/23       AC:  6    Str: 14    XL:     3   Next: 81%
Magic:  3/3        EV: 11    Int:  9    God:
Gold:   61         SH:  0    Dex: 15    Spells: 2/2 levels left

rFire   . . .        a - +0 shortbow
rCold   . . .        (shield currently unavailable)
rNeg    + . .        c - +0 leather armour
rPois   inf          (no helmet)
rElec   +            (no cloak)
rCorr   .            (no gloves)
SInv    .            (no boots)
Will    .....        (no amulet)
Stlth   ++           (no ring)
HPRegen 0.23/turn    (no ring)
MPRegen 0.08/turn

%: no passive effects
@: no status effects
A: sickness immunity, AC +3, negative energy resistance 1, electricity
resistance, torment resistance 1, petrification resistance
a: no special abilities


You were on level 2 of the Dungeon.
You visited 1 branch of the dungeon, and saw 2 of its levels.

You collected 61 gold pieces.


Innate Abilities, Weirdness & Mutations

You are immune to sickness and miasma.
Your stone body is resilient. (AC +3)
You are immune to poison.
You resist negative energy. (rN+)
You are resistant to electric shocks. (rElec)
You are resistant to unholy torment.
You are immune to petrification.


   Skills:
 - Level 3.0 Fighting
 + Level 5.0 Ranged Weapons
 - Level 1.5 Dodging
 - Level 1.1 Stealth


You had 2 spell levels left.
You didn't know any spells.
Your spell library was empty.

Inventory:

Hand Weapons
 a - a +0 shortbow (weapon)
Armour
 c - a +0 leather armour (worn)
 j - a +0 helmet
Jewellery
 g - an amulet of faith
Scrolls
 k - a scroll of vulnerability {unknown}
Potions
 b - 2 potions of magic {unknown}
 d - 2 potions of attraction {unknown}
 e - a potion of curing {unknown}
 f - a potion of cancellation {unknown}
 h - a potion of might {unknown}
 i - a potion of lignification {unknown}

Dungeon Overview and Level Annotations

Branches:
Dungeon (2/15)

Altars:


Message History

A hobgoblin comes into view.
You shoot an arrow. The arrow barely misses the hobgoblin.
A goblin comes into view. It is wielding a +0 dagger.
A hobgoblin comes into view.
A goblin comes into view. It is wielding a +0 dagger. x2
The goblin moves out of view.
You shoot an arrow. The goblin shouts!
The hobgoblin shouts!
The arrow hits the hobgoblin.
You kill the hobgoblin!
You hear a shout!
You shoot an arrow. The arrow completely misses Robin.
The arrow closely misses the goblin.
The arrow hits the hobgoblin.
You kill the hobgoblin!
Robin hits you but does no damage.
You shoot an arrow. The arrow hits Robin.
Robin is lightly wounded.
Robin roars a battlecry!
The goblins go into a battle-frenzy!
A goblin opens the door.
You shoot an arrow. The arrow hits Robin!
Robin is heavily wounded.
Robin throws the goblin at you! The goblin closely misses you.
You shoot an arrow.
The arrow hits Robin but does no damage.
Robin is heavily wounded.
Robin hits you with a +0 falchion. The goblin barely misses you.
You shoot an arrow. The arrow hits Robin!
You kill Robin!
The goblin closely misses you. The goblin hits you but does no damage.
The hobgoblin hits you. The goblin barely misses you.
The goblin completely misses you.
Your Fighting skill increases to level 3!
You shoot an arrow. The arrow barely misses the goblin.
The goblin hits you but does no damage. The goblin hits you with a +0 dagger.
The hobgoblin hits you. The goblin hits you but does no damage.
The goblin hits you with a +0 club.
You shoot an arrow. The arrow closely misses the goblin.
The goblin hits you with a +0 dagger. x2
You die...

#..)..# #)..))#
#.....# ### #.....#
#...#.....#
###...#.....# #
......ggg...# #.
###...#@g...# #..
.....#g....# ...##
#....#.....#
#...##....#.....#
#..#....##..###
########......##.##
..............#..#
#########.#......#
#.#....#.#


You could see a hobgoblin (strong) and 4 goblins.

Vanquished Creatures
  Robin (D:2)
  A dart slug (D:1)
  A ball python (D:2)
  2 bats (D:1)
  4 endoplasms
  2 giant cockroaches (D:1)
  9 goblins
  2 hobgoblins (D:2)
  2 frilled lizards
  5 kobolds
  4 rats (D:1)
33 creatures vanquished.

Notes
Turn   | Place    | Note
-------+----------+-------------------------------------------
     0 | D:1      | qw the Gargoyle Hunter began the quest for the Orb.
     0 | D:1      | Reached XP level 1. HP: 12/12 MP: 1/1
     0 | D:1      | 0 ||| qw: Version: 0.3-a-76-g4403597
     0 | D:1      | 0 ||| qw: Game counter: 1136
     0 | D:1      | 0 ||| qw: Melee chars always use a shield: true
     0 | D:1      | 0 ||| qw: God list: Okawaru
     0 | D:1      | 0 ||| qw: Allow faded altars: false
     0 | D:1      | 0 ||| qw: Do Orc after clearing Dungeon:15 true
     0 | D:1      | 0 ||| qw: Do second Lair branch before Depths: true
     0 | D:1      | 0 ||| qw: Lair rune preference: random
     0 | D:1      | 0 ||| qw: Goals: Normal
     0 | D:1      | 0 ||| PLANNING D:1-11
     4 | D:1      | Noticed an electric eel
     5 | D:1      | Noticed an electric eel
    78 | D:1      | Reached XP level 2. HP: 17/17 MP: 2/2
   438 | D:1      | 438 ||| DROPPING scroll of butterflies.
   594 | D:2      | Reached XP level 3. HP: 21/21 MP: 3/3
   696 | D:2      | Reached skill level 5 in Ranged Weapons
   827 | D:2      | Noticed Robin
   837 | D:2      | Killed Robin
   838 | D:2      | Reached skill level 3 in Fighting
   839 | D:2      | HP: 3/23 [goblin/+0 dagger[Robin] (4)]
   839 | D:2      | Slain by a goblin

Levels and vault maps discovered:
D:1:      arrival_aquarium_b, layout_rooms, minmay_misc_feat_plants, st_stairs_4
D:2:      layout_basic, kennysheep_minor_cross, uniq_robin

Skill      XL: |  1  2  3 |
---------------+----------+-----
Ranged Weapons | 5 |  5.0
Fighting       | 3 |  3.0
Dodging        | |  1.5
Stealth        | |  1.1

Action                     || total
---------------------------++-------
   Fire: Shortbow          ||    85
 Armour: Leather armour    ||    26
  Dodge: Dodged            ||    11

Table legend:
 A = Non-vault XP
 B = Vault XP
 C = Vault XP percentage of total XP
 D = Non-vault monster count
 E = Vault monster count
 F = Vault count percentage of total count
                 A         B        C        D         E       F
            +---------+---------+-------+---------+---------+-------
      Total |      42 |      31 |  42.5 |      24 |       9 |  27.3
            +---------+---------+-------+---------+---------+-------
        D:1 |      27 |       3 |  10.0 |      16 |       2 |  11.1
        D:2 |      15 |      28 |  65.1 |       8 |       7 |  46.7
            +---------+---------+-------+---------+---------+-------
